 Dungeon Crawl Stone Soup version 0.31.0-11-ge490571c62 (webtiles) character file.

Game seed: 9162967090484146959

52 sanka the Cudgeller (level 3, 33/33 HPs)
             Began as a Minotaur Fighter on Jan 27, 2024.
             Was a Follower of Vehumet.
             Quit the game on level 2 of the Dungeon.
             The game lasted 00:01:15 (714 turns).

sanka the Cudgeller (Minotaur Fighter)               Turns: 714, Time: 00:01:16

Health: 33/33      AC: 12    Str: 20    XL:     3   Next: 60%
Magic:  2/2        EV:  5    Int:  5    God:    Vehumet [*.....]
Gold:   64         SH:  4    Dex: 11    Spells: 2/2 levels left

rFire   . . .        a - +0 flail
rCold   . . .        c - +0 buckler
rNeg    . . .        h - +0 plate armour
rPois   .            (helmet restricted)
rElec   .            (no cloak)
rCorr   .            l - +0 pair of gloves
SInv    .            (no boots)
Will    .....        i - amulet of the acrobat Stlth
                     (no ring)
HPRegen 0.25/turn    (no ring)
MPRegen 0.08/turn

%: acrobat
@: no status effects
A: horns 2, retaliatory headbutt
a: Renounce Religion


You were on level 2 of the Dungeon.
You worshipped Vehumet.
Vehumet was aware of your devotion.
You visited 1 branch of the dungeon, and saw 2 of its levels.

You collected 64 gold pieces.


Innate Abilities, Weirdness & Mutations

You have a pair of horns on your head.
You reflexively headbutt those who attack you in melee.


   Skills:
 - Level 4.0 Fighting
 + Level 4.6 Maces & Flails
 - Level 3.6 Armour
 - Level 3.6 Shields


You had 2 spell levels left.
You didn't know any spells.
Your spell library was empty.

Inventory:

Hand Weapons
 a - a +0 flail (weapon)
Armour
 c - a +0 buckler (worn)
 h - a +0 plate armour (worn)
 l - a +0 pair of gloves (worn)
Jewellery
 i - an amulet of the acrobat (around neck)
Scrolls
 e - 2 scrolls of identify {unknown}
 f - a scroll of teleportation {unknown}
 g - a scroll of amnesia {unknown}
 k - a scroll of noise {unknown}
 m - a scroll of fear {unknown}
Potions
 b - a potion of curing {unknown}
 d - a potion of might
 j - a potion of cancellation {unknown}

Dungeon Overview and Level Annotations

Branches:
Dungeon (2/15)

Altars:
Vehumet

▒▒▒ ▒▒... ▒ ▒...P .▒
▒▒..P. ..▒▒▒
▒...P♣♣♣.......
▒.....H..P.....▒
▒.....♣f♣......▒
▒▒...f.♣P.P.....▒▒▒
▒...P.....P........ ▒
▒..▒..............▒▒▒▒▒▒.
▒.▒▒.▒▒▒▒▒......)........
▒.......▒▒...............
▒▒▒▒▒▒▒..▒...............
▒▒...............>.


There were no monsters in sight!


Message History

You hit the gnoll.
You kill the gnoll!
No target in view!
No target in view!
No target in view!
No target in view!
No target in view!
No target in view!
No target in view!
No target in view!
No target in view!
No target in view!
No target in view!
No target in view!
There is an open door, spattered with blood here.
Things that are here:
a +0 flail; a gnoll corpse; a jackal corpse You open the door.
There is an open door, spattered with blood here.
Things that are here:
a +0 flail; a gnoll corpse; a jackal corpse
Found a faded altar of an unknown god.
Search for what [Enter for "."]?
There is a faded altar of an unknown god here.
This altar belongs to (a) Sif Muna, (b) the Shining One or (c) Vehumet, but you can't tell which.
Press the corresponding letter to learn more about a god, or press enter to convert or escape to cancel.
Vehumet accepts your prayer! Vehumet welcomes you!
You can now gain magical power from killing.
Vehumet offers you knowledge of Shock.
Are you sure you want to abandon this character and quit the game? (Confirm with "yes".)

Action                     || total
---------------------------++-------
  Melee: Flail             ||    72
         Headbutt          ||     4
 Armour: Scale mail        ||     5
         Plate armour      ||    60
  Dodge: Dodged            ||    33
  Block: Buckler           ||    12

Levels and vault maps discovered:
D:1:      dpeg_chamrin_arrival_tetris, layout_basic, minmay_liquid_box
D:2:      layout_rooms, dreamdust_ecumenical_altar_grove, cheibrodos_gnoll_hut,
          uniq_sigmund

Notes
Turn   | Place    | Note
-------+----------+-------------------------------------------
     0 | D:1      | sanka the Minotaur Fighter began the quest for the Orb.
     0 | D:1      | Reached XP level 1. HP: 19/19 MP: 0/0
   130 | D:1      | Reached skill level 4 in Fighting
   152 | D:1      | Reached skill level 3 in Maces & Flails
   152 | D:1      | Reached XP level 2. HP: 27/27 MP: 1/1
   607 | D:2      | Reached skill level 4 in Maces & Flails
   607 | D:2      | Reached XP level 3. HP: 29/33 MP: 2/2
   706 | D:2      | Found a faded altar of an unknown god.
   713 | D:2      | Prayed at the altar of an unknown god.
   713 | D:2      | Became a worshipper of Vehumet
   713 | D:2      | Reached * piety under Vehumet
   713 | D:2      | Offered knowledge of Shock by Vehumet.
   714 | D:2      | Quit the game

Vanquished Creatures
  An adder (D:2)
  A gnoll (D:2)
  5 ball pythons (D:1)
  2 endoplasms (D:1)
  5 goblins
  2 hobgoblins
  2 jackals (D:2)
  3 kobolds
  A quokka (D:1)
  6 bats
  A frilled lizard (D:1)
29 creatures vanquished.
